 Dungeon Crawl Stone Soup version 0.21.1-1-g345015f (webtiles) character file.

168 vatarom the Distorting Ant (level 5, 0/41 HPs)
             Began as a Formicid Abyssal Knight on Apr 23, 2018.
             Was a Believer of Lugonu.
             Slain by an orc wizard
             ... wielding a +0 dagger
              (3 damage)
             ... on level 4 of the Dungeon.
             The game lasted 00:05:07 (2792 turns).

vatarom the Distorting Ant (FoAK)                   Turns: 2792, Time: 00:05:07

Health: 0/41       AC:  3    Str: 17    XL:     5   Next: 77%
Magic:  8/8        EV: 11    Int: 12    God:    Lugonu [**....]
Gold:   135        SH:  0    Dex: 10    Spells: 4/4 levels left

rFire    + . .     SeeInvis +   e - +2 dagger (venom)
rCold    + . .     Gourm    .   (no shield)
rNeg     . . .     Faith    +   b - +0 leather armour
rPois    .         Spirit   .   (helmet unavailable)
rElec    .         Reflect  .   (no cloak)
rCorr    .         Harm     .   (no gloves)
MR       .....                  (no boots)
Stlth    +.........             s - amulet of faith
HPRegen  0.13/turn              p - ring of protection from cold
MPRegen  0.11/turn              m - ring of protection from fire

@: no status effects
A: permanent stasis, dig shafts and tunnels, four strong arms, antennae 3
a: Dig, Shaft Self, Depart the Abyss, Bend Space, Renounce Religion


You were on level 4 of the Dungeon.
You worshipped Lugonu.
Lugonu was pleased with you.
You were not hungry.

You visited 2 branches of the dungeon, and saw 5 of its levels.
You visited the Abyss 1 time.

You collected 135 gold pieces.

Inventory:

Hand Weapons
 a - a +1 hand axe
 e - a +2 dagger of venom (weapon)
Armour
 b - a +0 leather armour (worn)
 o - a +0 buckler
 r - a +0 large shield
Jewellery
 h - an uncursed ring of see invisible
 m - a ring of protection from fire (right hand)
 p - a ring of protection from cold (left hand)
 s - an amulet of faith (around neck)
 u - an uncursed ring of ice {unknown}
Wands
 l - a wand of paralysis (13)
Scrolls
 k - 4 scrolls of identify {unknown}
 q - a scroll of remove curse
Potions
 d - a potion of mutation {unknown}
 f - 2 potions of heal wounds {unknown}
 g - 2 potions of haste
 i - a potion of might {unknown}
 j - 2 potions of degeneration {unknown}
 n - 4 potions of curing {unknown}
Comestibles
 c - 6 rations


   Skills:
 - Level 3.6 Fighting
 + Level 3.6 Axes
 - Level 2.2 Armour
 - Level 1.0 Dodging
 - Level 2.6 Shields
 + Level 4.0 Invocations


You had 4 spell levels left.
You didn't know any spells.

Dungeon Overview and Level Annotations

Branches:
Dungeon (4/15)             Temple (1/1) D:4

Altars:
Ashenzari
Gozag
Hepliaklqana
Makhleb
Nemelex Xobeh
Okawaru
Xom
Yredelemnul
Zin
The Shining One


Innate Abilities, Weirdness & Mutations

You cannot be hasted, slowed, berserked, paralysed or teleported.
You can dig through walls and to a lower floor.
Your four strong arms can wield two-handed weapons with a shield.
You have a pair of large antennae on your head. (SInv)


Message History

The magic dart hits you!
The orc wizard gestures at you while chanting.
The magic dart hits you! The orc wizard casts a spell at you.
The magic dart hits you!
* * * LOW HITPOINT WARNING * * *
The orc wizard barely misses you.
The orc wizard points at you and mumbles some strange words.
The magic dart hits you!
* * * LOW HITPOINT WARNING * * *
The orc shoots a stone.
The stone hits you.
* * * LOW HITPOINT WARNING * * *
The orc wizard completely misses you.
You see here a stone.
It was a potion of haste.
Your stasis prevents you from being hasted.
The orc shoots a stone.
The stone hits you.
* * * LOW HITPOINT WARNING * * *
The orc wizard hits you with a dagger.
You die...

##.#.###.#.##.###..#######
##.#.##.###..#...#.#
.........#.#.......#
##.#.####.#####.####
...#(# ### #...# ####.#
#..(# ... #.(.# ... #..o#
#...# #..@# ....#
#.####...######
#..............
#..............
.......oo.!....
#.####...###### . #...#
#...# #...#


You could see 2 orc wizards and an orc.

Vanquished Creatures
  A howler monkey (D:4)
  A worker ant (D:4)
  5 adders
  An ooze (D:4)
  A dart slug (D:3)
  2 leopard geckos
  2 ball pythons
  3 giant cockroaches
  6 hobgoblins
  6 jackals (D:1)
  2 quokkas
  4 bats
  8 frilled lizards
  3 goblins
  4 kobolds
  6 rats
55 creatures vanquished.

Notes
Turn   | Place    | Note
-------+----------+-------------------------------------------
     0 | Abyss:1  | vatarom the Formicid Abyssal Knight began the quest for the Orb.
     0 | Abyss:1  | Reached XP level 1. HP: 18/18 MP: 2/2
   100 | Abyss:1  | Noticed an ancient zyme
   101 | Abyss:1  | Noticed a small abomination
   107 | Abyss:1  | Noticed a hellwing
   114 | D:1      | Escaped the Abyss
   536 | D:1      | Reached * piety under Lugonu
   536 | D:1      | Reached XP level 2. HP: 3/24 MP: 3/3
   553 | D:1      | Reached skill level 1 in Dodging
   930 | D:1      | Reached XP level 3. HP: 29/29 MP: 4/4
  1238 | D:2      | Reached skill level 3 in Invocations
  1260 | D:2      | Reached XP level 4. HP: 21/36 MP: 6/6
  1266 | D:2      | Reached ** piety under Lugonu
  1519 | D:2      | Found a shattered altar of Ashenzari.
  1956 | D:3      | Found a glowing silver altar of Zin.
  1969 | D:3      | Reached skill level 1 in Shields
  2458 | D:4      | Found a staircase to the Ecumenical Temple.
  2466 | D:4      | Reached XP level 5. HP: 41/41 MP: 7/7
  2475 | Temple   | Entered the Ecumenical Temple
  2558 | D:4      | Reached skill level 4 in Invocations
  2633 | D:4      | Noticed a phantom
  2792 | D:4      | Slain by an orc wizard

Skill      XL: |  1  2  3  4  5 |
---------------+----------------+-----
Dodging        | 1 |  1.0
Invocations    | 3 4 |  4.0
Axes           | 3 |  3.6
Shields        | 2 |  2.6
Fighting       | |  3.6
Armour         | |  2.2

Action                   |  1- 3 |  4- 6 || total
-------------------------+-------+-------++-------
Melee: Hand axe          |    39 |       ||    39
       Dagger            |    38 |    92 ||   130
Invok: Depart the Abyss  |     1 |       ||     1
 Abil: Dig               |       |     1 ||     1
  Use: Scroll            |     1 |     1 ||     2
       Potion            |       |     1 ||     1
  Eat: Ration            |     1 |       ||     1
       Chunk             |       |     3 ||     3
Armor: Leather armour    |    26 |    16 ||    42
Dodge: Dodged            |    82 |    53 ||   135
